 Dungeon Crawl Stone Soup version 0.26-a0-30-g56b8cd3df0 (webtiles) character file.

Game seed: 9333825633694720366, levelgen mode: deterministic

1080 vurker the Tainter (level 8, -3/72 HPs)
             Began as a Naga Venom Mage on June 1, 2020.
             Slain by a howler monkey (7 damage)
             ... on level 4 of the Dungeon.
             The game lasted 00:08:55 (5901 turns).

vurker the Tainter (Naga Venom Mage)                Turns: 5901, Time: 00:08:55

Health: -3/72      AC:  3    Str: 11    XL:     8   Next: 29%
Magic:  0/15       EV: 10    Int: 17    God:
Gold:   250        SH:  0    Dex: 12    Spells: 4/17 levels left

rFire    . . .     SeeInvis +   n - +0 dagger (vamp)
rCold    . . .     Gourm    .   (no shield)
rNeg     . . .     Faith    .   r - +0 robe of Seimuar {rElec}
rPois    +         Spirit   .   (no helmet)
rElec    +         Reflect  .   (no cloak)
rCorr    .         Harm     .   (no gloves)
MR       +....                  (no barding)
Stlth    ++........             (no amulet)
HPRegen  0.22/turn              (no ring)
MPRegen  0.14/turn              (no ring)

@: very slightly contaminated, very slow
A: large, see invisible, deformed body, poison resistance, slowness 2, slow
metabolism 1, spit poison 1, AC +2
a: Spit Poison


You were on level 4 of the Dungeon.
You were not hungry.

You visited 1 branch of the dungeon, and saw 5 of its levels.

You collected 250 gold pieces.

Inventory:

Hand Weapons
 n - a +0 vampiric dagger (weapon)
   (You took it off a goblin on level 2 of the Dungeon)
Missiles
 o - a throwing net (quivered)
Armour
 r - the +0 robe of Seimuar (worn) {rElec}
   (You found it on level 4 of the Dungeon)

   It insulates you from electricity.
Wands
 t - a wand of flame (20)
   (You took it off Ijyb on level 3 of the Dungeon)
 v - a wand of digging (3)
   (You found it on level 4 of the Dungeon)
 x - a wand of acid (5)
   (You found it on level 3 of the Dungeon)
Scrolls
 f - 7 scrolls of identify {unknown}
 g - a scroll of immolation {unknown}
 h - 2 scrolls of enchant weapon {unknown}
 l - 2 scrolls of teleportation {unknown}
 m - a scroll of remove curse {unknown}
 q - a scroll of magic mapping {unknown}
Potions
 b - 3 potions of curing {unknown}
 c - a potion of mutation {unknown}
 d - a potion of heal wounds
 i - 3 potions of stabbing {unknown}
 j - a potion of haste {unknown}
 k - 2 potions of lignification {unknown}
 p - a potion of degeneration {unknown}
Comestibles
 e - 10 rations


   Skills:
 + Level 3.9 Fighting
 - Level 1.5 Dodging
 - Level 3.0 Stealth
 * Level 5.1 Spellcasting
 - Level 2.0 Conjurations
 - Level 1.0 Transmutations
 - Level 2.0 Fire Magic
 - Level 2.0 Air Magic
 * Level 8.0 Poison Magic


You had 4 spell levels left.
You knew the following spells:

 Your Spells              Type           Power        Failure   Level  Hunger
a - Sting                 Tmut/Pois      ###.         2%          1    None
b - Mephitic Cloud        Conj/Pois/Air  ###.....     9%          3    ###....
c - Poisonous Vapours     Pois/Air       ###...       2%          2    #......
q - Olgreb's Toxic Radia  Pois           ####....     4%          4    ####...
w - Ignite Poison         Fire/Tmut/Pois ###.....     10%         3    ###....

Your spell library contained the following spells:

 Spells                   Type           Power        Failure   Level  Hunger


Dungeon Overview and Level Annotations

Branches:
Dungeon (5/15)
 Temple: D:4-7

Altars:
Ashenzari
Nemelex Xobeh
Okawaru
Sif Muna
Trog
Wu Jian
Xom
Zin
The Shining One


Innate Abilities, Weirdness & Mutations

You cannot wear boots.
Your serpentine skin is tough. (AC +2)
You have supernaturally acute eyesight. (SInv)
Armour fits poorly on your strangely shaped body.
Your system is resistant to poisons. (rPois)
You cover ground very slowly.
You have a slow metabolism.
You can spit poison.


Message History

* * * LOW HITPOINT WARNING * * *
The bullfrog skeleton hits you.
* * * LOW HITPOINT WARNING * * *
The bullfrog skeleton hits you.
* * * LOW HITPOINT WARNING * * *
Found a leather armour.
The howler monkey hoots and howls with incredible vigour!
The bullfrog skeleton misses you. The howler monkey closely misses you.
The bullfrog skeleton hits you.
* * * LOW HITPOINT WARNING * * *
You hear a bark! x4
The howler monkey hits you.
* * * LOW HITPOINT WARNING * * *
The bullfrog skeleton hits you.
* * * LOW HITPOINT WARNING * * *
The howler monkey hits you.
* * * LOW HITPOINT WARNING * * *
The howler monkey hoots and howls with incredible vigour!
The bullfrog skeleton hits you.
* * * LOW HITPOINT WARNING * * *
The howler monkey barely misses you.
You hear a bark!
There is a stone staircase leading up, spattered with blood here.
Unknown command.
Unknown command.
Unknown command.
The bullfrog skeleton hits you.
* * * LOW HITPOINT WARNING * * *
The howler monkey hits you.
* * * LOW HITPOINT WARNING * * *
The bullfrog skeleton hits you.
* * * LOW HITPOINT WARNING * * *
You climb upwards.
There is a stone staircase leading down here.
Unknown command.
Unknown command.
Unknown command.
Unknown command.
Unknown command.
Unknown command.
Unknown command.
Unknown command.
You don't have enough magic to cast that spell.
Aim: a howler monkey The ball explodes into a vile cloud!
The stinking cloud engulfs the howler monkey but does no damage.
The stinking cloud engulfs you but does no damage.
The howler monkey is engulfed in noxious fumes.
The howler monkey appears confused.
The howler monkey hits you!
You die...

##.###..# #.#
#......... #..#.#.##
###.####.########
#.#.#...#####........#
#.............#[######
#####...#######.#
##.## #...<# #.#
#.##.# #.# #.##.#
##.## #@##.#
####...####h##.#
#....#.##..ยง...#
#.##...##.###..#
#.#######.# #..# #.#
####.###..## #.#
#..........# #.#
#.#####..#.# #.# #.#
#..#.#


You could see a howler monkey (confused).

Vanquished Creatures
  Grinder (D:3)
  Eustachio (D:4)
  An ogre (D:4)
  A scorpion (D:4)
  2 howler monkeys
  A centaur zombie (D:5)
  A bullfrog zombie (D:5)
  2 orc priests
  A bullfrog skeleton (D:4)
  2 hounds
  Ijyb (D:3)
  Jessica (D:2)
  3 worker ants (D:4)
  A howler monkey skeleton (D:5)
  10 adders
  An ooze (D:3)
  4 worms
  A dart slug (D:1)
  3 leopard geckos
  12 orcs
  4 bats
  3 giant cockroaches
  4 goblins (D:2)
  5 hobgoblins
  7 jackals (D:1)
  2 ball pythons
  4 frilled lizards
  7 kobolds
  5 rats
91 creatures vanquished.

Notes
Turn   | Place    | Note
-------+----------+-------------------------------------------
     0 | D:1      | vurker the Naga Venom Mage began the quest for the Orb.
     0 | D:1      | Reached XP level 1. HP: 15/15 MP: 3/3
   507 | D:1      | Reached XP level 2. HP: 24/24 MP: 1/5
   525 | D:1      | Learned a level 2 spell: Poisonous Vapours
  1262 | D:1      | Reached XP level 3. HP: 30/30 MP: 4/6
  1300 | D:1      | Learned a level 3 spell: Ignite Poison
  1539 | D:2      | Found a faded altar of an unknown god.
  1823 | D:2      | Reached skill level 1 in Air Magic
  1851 | D:2      | Noticed Jessica
  1879 | D:2      | Killed Jessica
  1879 | D:2      | Reached skill level 1 in Fighting
  1879 | D:2      | Reached XP level 4. HP: 38/38 MP: 3/8
  1991 | D:2      | Reached skill level 1 in Fire Magic
  2061 | D:2      | Reached skill level 5 in Poison Magic
  2719 | D:3      | Reached XP level 5. HP: 17/44 MP: 3/9
  2732 | D:3      | Learned a level 3 spell: Mephitic Cloud
  3155 | D:3      | Found a shimmering altar of Xom.
  3157 | D:3      | Found a bloodstained altar of Trog.
  3160 | D:3      | Found a shattered altar of Ashenzari.
  3164 | D:3      | Found an ornate altar of the Wu Jian Council.
  3164 | D:3      | Found an iron altar of Okawaru.
  3164 | D:3      | Found a glowing golden altar of the Shining One.
  3165 | D:3      | Found a shimmering blue altar of Sif Muna.
  3166 | D:3      | Found a sparkling altar of Nemelex Xobeh.
  3168 | D:3      | Found a glowing silver altar of Zin.
  3302 | D:3      | Reached skill level 1 in Conjurations
  4080 | D:3      | Noticed Grinder
  4088 | D:3      | Killed Grinder
  4088 | D:3      | Reached skill level 6 in Poison Magic
  4088 | D:3      | Reached XP level 6. HP: 49/55 MP: 3/11
  4187 | D:3      | Noticed Ijyb
  4191 | D:3      | Killed Ijyb
  4191 | D:3      | Reached XP level 7. HP: 50/61 MP: 2/12
  4491 | D:4      | Learned a level 4 spell: Olgreb's Toxic Radiance
  4792 | D:4      | Got a ripped robe
  4803 | D:4      | Identified the +0 robe of Seimuar {rElec} (You found it on
                  | level 4 of the Dungeon)
  5258 | D:4      | Reached skill level 7 in Poison Magic
  5312 | D:4      | Noticed Eustachio
  5326 | D:4      | Killed Eustachio
  5326 | D:4      | Reached XP level 8. HP: 70/70 MP: 2/15
  5710 | D:5      | Entered Level 5 of the Dungeon
  5744 | D:5      | Reached skill level 5 in Spellcasting
  5823 | D:5      | Reached skill level 8 in Poison Magic
  5901 | D:4      | Slain by a howler monkey

Illustrated notes

Levels and vault maps discovered:
D:1:      minmay_arrival_radiant_lines, layout_basic
D:2:      layout_basic, chequers_ecumenical_altar_twisty, uniq_jessica
D:3:      layout_basic, minitemple, first_ration, uniq_grinder, uniq_ijyb
D:4:      layout_loops_ring, uniq_eustachio
D:5:      layout_gridville, minmay_temple_entry_glass

Skill      XL: |  1  2  3  4  5  6  7  8 |
---------------+-------------------------+-----
Air Magic      | 1 2 |  2.0
Fighting       | 1 2 3 |  3.9
Fire Magic     | 1 2 |  2.0
Poison Magic   | 5 6 7 8 |  8.0
Spellcasting   | 3 4 5 |  5.1
Conjurations   | 2 |  2.0
Dodging        | |  1.5
Stealth        | |  3.0
Transmutations | |  1.0

Action                   |  1- 3 |  4- 6 |  7- 9 || total
-------------------------+-------+-------+-------++-------
Melee: Unarmed           |    11 |     4 |       ||    15
       Dagger            |       |    36 |    63 ||    99
 Cast: Sting             |    48 |    48 |    22 ||   118
       Poisonous Vapours |     2 |     8 |    25 ||    35
       Ignite Poison     |       |     1 |     4 ||     5
       Mephitic Cloud    |       |     1 |     6 ||     7
       Olgreb's Toxic Ra |       |       |     3 ||     3
 Abil: Spit Poison       |     2 |     1 |       ||     3
Evoke: Wand              |       |     2 |     1 ||     3
 Stab: Distracted        |       |     1 |       ||     1
       Sleeping          |       |       |     1 ||     1
  Eat: Chunk             |     2 |     6 |     7 ||    15
Armor: Robe              |     8 |     3 |    21 ||    32
Dodge: Dodged            |    24 |    25 |    61 ||   110

Table legend:
 A = Non-vault XP
 B = Vault XP
 C = Vault XP percentage of total XP
 D = Non-vault monster count
 E = Vault monster count
 F = Vault count percentage of total count
                 A         B        C        D         E       F
            +---------+---------+-------+---------+---------+-------
      Total |     987 |     557 |  36.1 |      87 |       4 |   4.4
            +---------+---------+-------+---------+---------+-------
        D:1 |      34 |       0 |   0.0 |      18 |       0 |   0.0
        D:2 |      65 |      37 |  36.3 |      18 |       1 |   5.3
        D:3 |     180 |     324 |  64.3 |      19 |       2 |   9.5
        D:4 |     540 |     196 |  26.6 |      24 |       1 |   4.0
        D:5 |     168 |       0 |   0.0 |       8 |       0 |   0.0
            +---------+---------+-------+---------+---------+-------
